 Dungeon Crawl Stone Soup version 0.23.1 (webtiles) character file.

Game seed: 17863005315261854595

146283 Ninjazero11 the Severer (level 16, -8/147 HPs)
             Began as a Minotaur Fighter on Mar 11, 2019.
             Was the Champion of Okawaru.
             Mangled by an emperor scorpion (12 damage)
             ... on level 4 of the Spider Nest on Mar 12, 2019.
             The game lasted 01:43:08 (30388 turns).

Ninjazero11 the Severer (Minotaur Fighter)         Turns: 30388, Time: 01:43:10

Health: -8/147     AC: 30    Str: 31    XL:     16   Next: 89%
Magic:  1/5        EV: 11    Int: 11    God:    Okawaru [******]
Gold:   2033       SH: 18    Dex: 13    Spells: 15/15 levels left

rFire    . . .     SeeInvis .   u - +9 broad axe "Jauw" {antimagic, Int+6}
rCold    + . .     Gourm    .   V - +2 shield
rNeg     + . .     Faith    .   m - +5 plate armour of the Black Skies {rC+ Stlth+}
rPois    +         Spirit   .   (helmet unavailable)
rElec    +         Reflect  .   c - +2 cloak of Abstinence {rElec rPois rN+}
rCorr    +         Harm     +   N - +1 pair of gloves {Str+3}
MR       +....                  W - +1 pair of boots {run}
Stlth    ..........             d - amulet of harm
HPRegen  0.34/turn              A - ring of resist corrosion
MPRegen  0.09/turn              l - +3 ring of strength

@: lethally poisoned (-8 -> -26), quick
A: retaliatory headbutt, horns 3, poison resistance
a: Heroism, Finesse, Renounce Religion


You were on level 4 of the Spider Nest.
You worshipped Okawaru.
Okawaru was exalted by your worship.
You were not hungry.

You visited 5 branches of the dungeon, and saw 27 of its levels.
You also visited: Sewer.

You collected 2750 gold pieces.
You spent 717 gold pieces at shops.

Inventory:

Hand Weapons
 a - a +0 spear of flaming
 q - a +9 war axe of venom
 u - the +9 broad axe "Jauw" (weapon) {antimagic, Int+6}
   (You bought it in a shop on level 2 of the Orcish Mines)

   It reduces the magical energy of the wielder, and disrupts the spells and
   magical abilities of those hit.
   Natural abilities and divine invocations are not affected.
   It affects your intelligence (+6).
 w - the +4 flail "Icofaetz" {flame, MR+}
   (You found it on level 5 of the Dungeon)

   It has been specially enchanted to burn those struck by it, causing extra
   injury to most foes and up to half again as much damage against particularly
   susceptible opponents.
   It affects your resistance to hostile enchantments.
 G - the +0 mace of Iconoclasm {holy, MR+ MP+9 Str-4 Dex+4}
   (You found it on level 9 of the Dungeon)

   It has been blessed by the Shining One to cause great damage to the undead
   and demons.
   It affects your strength (-4).
   It affects your dexterity (+4).
   It affects your resistance to hostile enchantments.
   It affects your magic capacity (+9).
 M - a +4 eveningstar of draining
Armour
 c - the +2 cloak of Abstinence (worn) {rElec rPois rN+}
   (Okawaru gifted it to you on level 2 of the Spider Nest)

   It insulates you from electricity.
   It protects you from poison.
   It protects you from negative energy.
 m - the +5 plate armour of the Black Skies (worn) {rC+ Stlth+}
   (Okawaru gifted it to you on level 4 of the Spider Nest)

   It protects you from cold.
   It makes you more stealthy.
 r - a +3 plate armour
 N - a +1 pair of gloves of strength (worn)
 O - a +1 pair of boots of flying
 T - the +5 chain mail "Voca" {Dex+4}
   (You took it off an orc warlord on level 13 of the Dungeon)

   It affects your dexterity (+4).
 V - a +2 shield (worn)
 W - a +1 pair of boots of running (worn)
Jewellery
 d - an amulet of harm (around neck)
 l - a +3 ring of strength (right hand)
 A - a ring of resist corrosion (left hand)
 H - an uncursed ring of see invisible
 Q - an uncursed amulet of magic regeneration {unknown}
Wands
 b - a wand of acid (13)
 e - a wand of flame (29)
 D - a wand of iceblast (16)
 J - a wand of clouds (8)
 L - a wand of disintegration (15)
 R - a wand of digging (5)
Scrolls
 p - 15 scrolls of remove curse
 s - 7 scrolls of teleportation
 x - 4 scrolls of identify
 y - 3 scrolls of summoning
 C - 7 scrolls of amnesia
 I - 3 scrolls of fear
 X - 4 scrolls of magic mapping
 Z - a scroll of fog
Potions
 g - 4 potions of ambrosia
 h - 10 potions of curing
 i - 2 potions of haste
 k - 2 potions of berserk rage
 n - 7 potions of lignification
 v - 2 potions of agility
 z - 3 potions of magic
 E - 6 potions of flight
 K - 2 potions of brilliance
 S - a potion of resistance
Miscellaneous
 B - a phantom mirror
 F - a box of beasts
Comestibles
 f - 53 rations


   Skills:
 + Level 14.9 Fighting
 + Level 18.1(19.4) Axes
 + Level 12.9(17.0) Maces & Flails
 + Level 15.2 Armour
 + Level 5.2 Dodging
 + Level 18.0 Shields
 + Level 0.9 Invocations


You had 15 spell levels left.
You didn't know any spells.
Your spell library contained the following spells:

 Spells                   Type           Power        Failure   Level  Hunger
 Magic Dart               Conj           #...         87%         1    ##.....
 Shock                    Conj/Air       #...         87%         1    ##.....
 Blink                    Tloc           N/A          95%         2    ###....
 Call Imp                 Summ           #.......     95%         2    ###....
 Slow                     Hex            #.......     95%         2    ###....
 Conjure Flame            Conj/Fire      #.......     99%         3    ####...
 Inner Flame              Hex/Fire       #.......     99%         3    ####...
 Mephitic Cloud           Conj/Pois/Air  #.......     99%         3    ####...
 Bolt of Draining         Conj/Necr      #.........   100%        5    ######.
 Iron Shot                Conj/Erth      #.........   100%        6    #######


Dungeon Overview and Level Annotations

Branches:
Dungeon (14/15)            Temple (1/1) D:6            Lair (6/6) D:9
 Shoals (0/4) Lair:4       Spider (4/4) Lair:2        Slime (0/5) Lair:6
    Orc (2/2) D:10            Elf (0/3) Orc:2        Vaults (0/5) D:13

Altars:
Ashenzari
Cheibriados
Dithmenos
Elyvilon
Fedhas
Gozag
Hepliaklqana
Kikubaaqudgha
Makhleb
Nemelex Xobeh
Okawaru
Qazlal
Ru
Sif Muna
Trog
Uskayaw
Vehumet
Wu Jian
Xom
Yredelemnul
Zin
The Shining One
Beogh

Shops:
Orc:2 =*[(

Portals:
Trove: D:14 (give 19 potions of curing)


Innate Abilities, Weirdness & Mutations

You reflexively headbutt those who attack you in melee.
You have a pair of large horns on your head.
Your system is resistant to poisons. (rPois)


Message History

You block the emperor scorpion's attack.
You hear an angry hiss.
You hit the emperor scorpion but do no damage.
Your headbutt misses the emperor scorpion.
The emperor scorpion is severely wounded.
You feel sick.
You block the emperor scorpion's attack. x2
The emperor scorpion claws you but does no damage.
You hit the emperor scorpion but do no damage.
Your headbutt misses the emperor scorpion.
The emperor scorpion is severely wounded.
You feel sick. The emperor scorpion stings you.
The emperor scorpion barely misses you. The emperor scorpion claws you!
You closely miss the emperor scorpion.
You headbutt the emperor scorpion, but do no damage.
The emperor scorpion is severely wounded.
You feel sick. The emperor scorpion stings you!!
* * * LOW HITPOINT WARNING * * *
The emperor scorpion claws you!
You die...

#≈...#.≈.≈#≈....^.^
..≈.^####≈.......≈..
......###....≈≈≈≈####
^^..°###≈...≈≈####
### ...... #.≈..≈##
^≈## ... #≈≈..^#
...≈. ##≈..^# ...##
##≈..#### ss.≈.^
#≈....@#### #s...^.
###....sss####.s^≈..#
######sys...^^≈#
###s≈†^^### #######


You could see 2 emperor scorpions, a wolf spider, a moth of wrath, an orb spider
and 2 redbacks.

Vanquished Creatures
  Rupert (Lair:5)
  The ghost of Xaloovv Elao the Geomancer, an adept GrEE of Vehumet (D:13)
  A ghost moth (Spider:4)
  2 orc warlords
  9 emperor scorpions
  2 entropy weavers
  A spark wasp (Spider:3)
  Harold (D:7)
  A vault guard (D:14)
  10 hydras
  The ghost of DMessenger the Basher, a journeyman DsFi of Dithmenos (D:13)
  2 centaur warriors
  Erica (D:11)
  3 catoblepae (Lair:6)
  2 tengu warriors
  A two-headed ogre (D:9)
  4 death yaks (Lair:6)
  3 orc high priests
  A fire crab (shapeshifter) (D:13)
  3 unseen horrors
  A flayed ghost (D:9)
  Pikel (D:6)
  4 orc knights
  4 orc sorcerers
  15 orb spiders
  A deep elf mage (D:12)
  5 ugly things
  32 wolf spiders
  5 cyclopes
  2 manticores (Lair:6)
  3 spectral centaurs (D:13)
  12 elephants
  2 moths of wrath
  Maurice (Orc:1)
  2 black mambas
  A torpor snail (Spider:2)
  7 spiny frogs
  18 demonic crawlers
  5 kobold demonologists
  An efreet (D:12)
  2 komodo dragons
  9 trolls
  A polar bear (Lair:5)
  3 hornets
  A tengu conjurer (D:13)
  27 jumping spiders
  8 slime creatures
  6 hippogriffs
  5 dream sheep (Lair:5)
  13 blink frogs
  2 spectral meliai (D:13)
  2 shadows
  74 redbacks
  32 tarantellas
  A tarantella (shapeshifter) (D:14)
  2 vampires (D:9)
  A basilisk (shapeshifter) (D:13)
  A wraith (D:14)
  3 centaur simulacra (D:13)
  2 wyverns
  52 yaks
  10 basilisks
  7 vampire mosquitoes
  A hungry ghost (D:8)
  4 wargs
  Edmund (D:6)
  A soldier ant (shapeshifter) (D:13)
  A floating eye (shapeshifter) (D:13)
  13 water moccasins
  2 hell hounds (Orc:2)
  9 porcupines
  A hornet zombie (D:10)
  33 orc warriors
  2 black bears
  12 ogres
  4 phantoms
  An ice beast (D:10)
  8 sky beasts
  A slave (D:6)
  An eye of draining (D:12)
  8 centaurs
  6 wolves (Lair:3)
  11 crocodiles
  3 big kobolds
  3 wyvern zombies
  17 bullfrogs
  A wyvern skeleton (D:7)
  2 scorpions
  A water moccasin skeleton (D:7)
  6 killer bees (D:10)
  3 wights
  2 howler monkeys
  An electric eel (D:13)
  4 crimson imps
  4 centaur zombies
  2 quasits (D:14)
  A bullfrog zombie (D:6)
  Crazy Yiuf (D:6)
  6 hounds
  14 orc priests
  A gnoll shaman (D:9)
  6 jellies
  4 bullfrog skeletons
  6 centaur skeletons
  6 iguanas
  22 orc wizards
  11 worker ants
  2 killer bee zombies (D:7)
  4 hound skeletons
  A mummy (D:9)
  2 howler monkey skeletons
  27 gnolls
  11 adders
  5 shadow imps
  An ooze (D:1)
  An adder skeleton (D:9)
  2 adder zombies
  4 worms
  4 dart slugs
  8 leopard geckos
  83 orcs
  2 bats (D:2)
  7 giant cockroaches
  3 goblins
  7 hobgoblins
  9 jackals
  22 kobolds
  3 quokkas (D:4)
  6 ball pythons
  10 frilled lizards
  A quokka skeleton (D:4)
  A quokka zombie (D:3)
  7 rats
  7 fungi
  8 plants
931 creatures vanquished.

Vanquished Creatures (collateral kills)
  A spiny frog (Lair:2)
1 creature vanquished.

Vanquished Creatures (others)
  A shadow (D:13)
  An iguana (D:4)
  An orc wizard (Orc:1)
  A gnoll (Orc:2)
  An adder (D:4)
  A leopard gecko (D:4)
  8 orcs (D:6)
  4 jackals (D:4)
  A frilled lizard (D:4)
  14 fungi
  12 plants
  4 toadstools (D:1)
49 creatures vanquished.

Grand Total: 981 creatures vanquished

Notes
Turn   | Place    | Note
-------+----------+-------------------------------------------
     0 | D:1      | Ninjazero11 the Minotaur Fighter began the quest for the
                  | Orb.
     0 | D:1      | Reached XP level 1. HP: 19/19 MP: 0/0
   311 | D:1      | Reached XP level 2. HP: 23/27 MP: 1/1
   787 | D:2      | Reached XP level 3. HP: 29/33 MP: 2/2
   858 | D:2      | Found a sparkling altar of Nemelex Xobeh.
   966 | D:2      | Found an ornate altar of the Wu Jian Council.
  1083 | D:2      | Found an opulent altar of Gozag.
  1084 | D:2      | Found a hazy altar of Hepliaklqana.
  1147 | D:2      | Found a sacrificial altar of Ru.
  1256 | D:3      | Found a glowing drain.
  1270 | D:3      | Reached skill level 1 in Dodging
  1308 | Sewer    | Entered a sewer
  1359 | Sewer    | Reached XP level 4. HP: 40/40 MP: 3/3
  1946 | D:3      | Found a faded altar of an unknown god.
  2212 | D:3      | Reached XP level 5. HP: 45/46 MP: 4/4
  2627 | D:4      | Noticed a phantom
  2672 | D:4      | Killed a phantom
  2814 | D:4      | Noticed a phantom
  2839 | D:4      | Found a shimmering altar of Xom.
  2845 | D:4      | Killed a phantom
  2845 | D:4      | Reached skill level 5 in Axes
  2845 | D:4      | Reached skill level 5 in Armour
  2845 | D:4      | Reached skill level 5 in Shields
  2845 | D:4      | Reached XP level 6. HP: 53/53 MP: 5/5
  3114 | D:4      | Gained mutation: You have a pair of large horns on your
                  | head. [potion of mutation]
  3114 | D:4      | Gained mutation: Your system is resistant to poisons.
                  | (rPois) [potion of mutation]
  3435 | D:5      | Entered Level 5 of the Dungeon
  3471 | D:5      | Reached XP level 7. HP: 60/60 MP: 6/6
  3850 | D:5      | Got a fine flail
  3851 | D:5      | Identified the +4 flail "Icofaetz" {flame, MR+} (You found
                  | it on level 5 of the Dungeon)
  4123 | D:6      | Found a runed translucent door.
  4124 | D:6      | Noticed Crazy Yiuf
  4130 | D:6      | Killed Crazy Yiuf
  4130 | D:6      | Reached skill level 1 in Maces & Flails
  4339 | D:6      | Reached skill level 5 in Fighting
  4383 | D:6      | Noticed Edmund
  4386 | D:6      | Reached XP level 8. HP: 56/68 MP: 7/7
  4393 | D:6      | Killed Edmund
  4725 | D:6      | Noticed Pikel
  4755 | D:6      | Killed Pikel
  4755 | D:6      | Reached skill level 5 in Maces & Flails
  4755 | D:6      | Reached XP level 9. HP: 18/75 MP: 8/8
  5114 | D:6      | Found a staircase to the Ecumenical Temple.
  5124 | Temple   | Entered the Ecumenical Temple
  5159 | Temple   | Became a worshipper of Warmaster Okawaru
  5829 | D:7      | Noticed Harold
  5844 | D:7      | Killed Harold
  5844 | D:7      | Reached * piety under Okawaru
  6044 | D:7      | Found a shadowy altar of Dithmenos.
  6465 | D:7      | Reached ** piety under Okawaru
  6930 | D:8      | Reached XP level 10. HP: 77/84 MP: 9/9
  7104 | D:8      | Found a glowing silver altar of Zin.
  7424 | D:8      | Reached *** piety under Okawaru
  7722 | D:9      | Noticed a two-headed ogre
  7730 | D:9      | Killed a two-headed ogre
  7730 | D:9      | Reached skill level 10 in Maces & Flails
  7910 | D:9      | Got a smoking mace
  7954 | D:9      | Identified the +0 mace of Iconoclasm {holy, MR+ MP+9 Str-4
                  | Dex+4} (You found it on level 9 of the Dungeon)
  8165 | D:9      | Found a staircase to the Lair.
  8331 | D:9      | Reached **** piety under Okawaru
  8349 | D:9      | Found a transporter.
  8354 | D:9      | Found a transporter.
  8382 | D:9      | Found an ancient bone altar of Kikubaaqudgha.
  8386 | D:9      | Noticed a flayed ghost
  8393 | D:9      | Found a basalt altar of Yredelemnul.
  8453 | D:9      | Killed a flayed ghost
  8453 | D:9      | Received a gift from Okawaru
  8453 | D:9      | Reached skill level 10 in Shields
  8488 | D:9      | Reached skill level 10 in Armour
  8654 | D:10     | Entered Level 10 of the Dungeon
  8700 | D:10     | Reached XP level 11. HP: 92/94 MP: 10/10
  8868 | D:10     | Noticed a tengu warrior
  8876 | D:10     | Killed a tengu warrior
  9084 | D:10     | Found a white marble altar of Elyvilon.
  9182 | D:10     | Found a staircase to the Orcish Mines.
  9581 | D:11     | Noticed an eight-headed hydra
  9590 | D:10     | Killed an eight-headed hydra
  9590 | D:10     | Reached ***** piety under Okawaru
  9881 | D:11     | Noticed Erica
  9891 | D:11     | Killed Erica
 10008 | D:11     | Noticed a brown ugly thing
 10016 | D:11     | Killed a brown ugly thing
 10174 | D:11     | Received a gift from Okawaru
 10366 | D:11     | Noticed a white ugly thing
 10373 | D:11     | Killed a white ugly thing
 10704 | D:12     | Noticed a deep elf mage
 10710 | D:12     | Killed a deep elf mage
 10759 | D:12     | Noticed a sun demon
 10760 | D:12     | Noticed a sixfirhy
 11041 | D:12     | Reached XP level 12. HP: 105/105 MP: 11/11
 11607 | D:12     | Received a gift from Okawaru
 12102 | Lair:1   | Entered Level 1 of the Lair of Beasts
 12163 | Lair:1   | Noticed an eight-headed hydra
 12169 | Lair:1   | Killed an eight-headed hydra
 12329 | Lair:1   | Reached skill level 10 in Fighting
 12355 | Lair:1   | Noticed a six-headed hydra
 12362 | Lair:1   | Killed a seven-headed hydra
 13124 | Lair:2   | Found a hole to the Spider Nest.
 13130 | Lair:2   | Reached ****** piety under Okawaru
 13130 | Lair:2   | Reached skill level 10 in Axes
 13582 | Lair:2   | Received a gift from Okawaru
 14018 | Lair:3   | Reached XP level 13. HP: 110/114 MP: 12/12
 14761 | Lair:4   | Found a staircase to the Shoals.
 15425 | Lair:5   | Noticed Rupert
 15436 | Lair:5   | Killed Rupert
 15436 | Lair:5   | Received a gift from Okawaru
 16106 | Lair:5   | Received a gift from Okawaru
 16107 | Lair:5   | Got a smoking hand axe {god gift}
 16108 | Lair:5   | Identified the +1 hand axe of Disharmony {chop, rPois rN++
                  | Dex+2} (Okawaru gifted it to you on level 5 of the Lair of
                  | Beasts)
 16216 | Lair:5   | Found a glowing silver altar of Zin.
 16654 | Lair:6   | Entered Level 6 of the Lair of Beasts
 16851 | Lair:6   | Found a staircase to the Slime Pits.
 16918 | Lair:6   | Reached XP level 14. HP: 105/124 MP: 13/13
 17191 | Lair:6   | Received a gift from Okawaru
 17480 | Lair:6   | Identified a +1 pair of boots of running (Okawaru gifted it
                  | to you on level 6 of the Lair of Beasts)
 17535 | Lair:6   | Reached skill level 15 in Shields
 17738 | Lair:6   | Identified the Compendium of Captivating Battle Magic
 17744 | Lair:6   | Got a heavily runed leather armour
 17756 | Lair:6   | Identified the +2 leather armour of the Ward {+Blink rC-
                  | MP+9} (You found it on level 6 of the Lair of Beasts)
 19148 | D:13     | Got a dazzling scimitar
 19149 | D:13     | Identified the +5 scimitar of Attainder {slice, rPois rC+
                  | Int+3} (You found it on level 13 of the Dungeon)
 20085 | D:13     | Found a runed translucent gate.
 20086 | D:13     | Found a runed translucent gate.
 20087 | D:13     | Found a runed translucent gate.
 20090 | D:13     | Noticed DMessenger's ghost (journeyman DsFi)
 20120 | D:13     | Killed DMessenger's ghost
 20232 | D:13     | Found a gate to the Vaults.
 20235 | D:13     | Paralysed by a floating eye for 2 turns
 20759 | Orc:1    | Entered Level 1 of the Orcish Mines
 20993 | Orc:1    | Received a gift from Okawaru
 21257 | Orc:1    | Noticed Maurice
 21276 | Orc:1    | Killed Maurice
 21520 | Orc:1    | Found a bloodstained altar of Trog.
 21523 | Orc:1    | Found the +4 skin of Zhor {Hibernate rC+++ SInv}
 21601 | Orc:2    | Entered Level 2 of the Orcish Mines
 21603 | Orc:2    | Noticed an orc warlord
 21604 | Orc:2    | Found Cexzy's Jewellery Boutique.
 21621 | Orc:1    | Killed an orc warlord
 21935 | Orc:2    | Found a staircase to the Elven Halls.
 22018 | Orc:2    | Found Ruefeoteapp's Antique Armour Boutique.
 22031 | Orc:2    | Reached skill level 15 in Axes
 22031 | Orc:2    | Reached XP level 15. HP: 106/134 MP: 14/14
 22057 | Orc:2    | Bought a pair of runed gloves for 210 gold pieces
 22079 | Orc:2    | Found Gisarykid's Antique Weapon Shop.
 22241 | Orc:2    | Found Byugontu's General Store.
 22286 | Orc:2    | Bought a scroll of enchant armour for 90 gold pieces
 22286 | Orc:2    | Bought a potion of heal wounds for 60 gold pieces
 22286 | Orc:2    | Bought a scroll of remove curse for 36 gold pieces
 22286 | Orc:2    | Bought a ration for 60 gold pieces
 22456 | Orc:2    | Bought a fine broad axe for 261 gold pieces
 22456 | Orc:2    | Identified the +9 broad axe "Jauw" {antimagic, Int+6} (You
                  | bought it in a shop on level 2 of the Orcish Mines)
 23050 | D:14     | Found a portal to a secret trove of treasure.
 23092 | D:14     | Found a runed translucent gate.
 23093 | D:14     | Found a runed translucent gate.
 23093 | D:14     | Found a runed translucent gate.
 23102 | D:14     | Noticed Xaloovv Elao's ghost (adept GrEE)
 23259 | D:14     | Found a glowing golden altar of the Shining One.
 23567 | D:14     | Identified the +1 war axe of Punishment {pain, rF+ Int+5}
 23569 | D:14     | Found a roughly hewn altar of Beogh.
 23569 | D:14     | Identified the +6 broad axe of Courage {pain, rF+ Str-3
                  | Dex+2}
 23569 | D:14     | Identified the +5 chain mail "Voca" {Dex+4}
 23569 | D:14     | Noticed an orc warlord
 23799 | D:13     | Killed Xaloovv Elao's ghost
 24159 | D:13     | Killed an orc warlord
 24159 | D:13     | Received a gift from Okawaru
 24824 | Spider:1 | Entered Level 1 of the Spider Nest
 26780 | Spider:2 | Got a slimy chain mail
 26803 | Spider:2 | Identified the +1 chain mail of Ysoikoc {Int+2 SInv} (You
                  | found it on level 2 of the Spider Nest)
 27080 | Spider:2 | Received a gift from Okawaru
 27094 | Spider:2 | Got an ichor-stained cloak {god gift}
 27105 | Spider:2 | Identified the +2 cloak of Abstinence {rElec rPois rN+}
                  | (Okawaru gifted it to you on level 2 of the Spider Nest)
 27350 | Spider:2 | Reached XP level 16. HP: 139/146 MP: 5/15
 28987 | Spider:4 | Entered Level 4 of the Spider Nest
 29291 | Spider:3 | Reached skill level 15 in Armour
 29731 | Spider:4 | Received a gift from Okawaru
 29853 | Spider:3 | Reached skill level 5 in Dodging
 30318 | Spider:4 | Received a gift from Okawaru
 30321 | Spider:4 | Got an ancient plate armour {god gift}
 30333 | Spider:4 | Identified the +5 plate armour of the Black Skies {rC+
                  | Stlth+} (Okawaru gifted it to you on level 4 of the Spider
                  | Nest)
 30388 | Spider:4 | HP: 4/147 [emperor scorpion (40)]
 30388 | Spider:4 | Mangled by an emperor scorpion

Skill      XL: |  1  2  3  4  5  6  7  8  9 10 11 12 13 14 15 16 |
---------------+-------------------------------------------------+-----
Fighting       | 4 5 6 8 9 10 11 12 14 | 14.9
Shields        | 4 5 6 7 8 10 12 13 14 15 16 18 | 18.0
Armour         | 4 5 6 7 8 10 11 12 13 14 15 | 15.2
Axes           | 3 4 5 6 7 11 13 15 16 18 | 18.1
Dodging        | 1 2 3 4 5 |  5.2
Maces & Flails | 2 5 9 11 12 | 12.9
Invocations    | |  0.9

Action                   |  1- 3 |  4- 6 |  7- 9 | 10-12 | 13-15 | 16-18 || total
-------------------------+-------+-------+-------+-------+-------+-------++-------
Melee: War axe           |   103 |   164 |    41 |   188 |   547 |       ||  1043
       Headbutt          |    12 |    32 |    49 |   113 |   245 |    79 ||   530
       Flail             |       |       |   196 |   314 |    72 |       ||   582
       Mace              |       |       |       |    40 |       |       ||    40
       Eveningstar       |       |       |       |       |     9 |       ||     9
       Broad axe         |       |       |       |       |   336 |   296 ||   632
Invok: Heroism           |       |       |       |     3 |     7 |     2 ||    12
  Use: Scroll            |     2 |     5 |     4 |    18 |    10 |     2 ||    41
       Potion            |       |     1 |     1 |       |     6 |     1 ||     9
 Stab: Held in net/web   |       |       |       |       |       |     2 ||     2
  Eat: Chunk             |     2 |     6 |    12 |    21 |    28 |    11 ||    80
       Ration            |       |       |       |     1 |     3 |       ||     4
Armor: Scale mail        |    43 |    65 |    27 |       |       |       ||   135
       Plate armour      |       |       |    77 |   238 |   282 |    24 ||   621
       Chain mail        |       |       |       |       |    90 |   170 ||   260
Dodge: Dodged            |    30 |    59 |    66 |   101 |   252 |   153 ||   661
Block: Shield            |    70 |    93 |   143 |   336 |   613 |   337 ||  1592
